 Dungeon Crawl Stone Soup version 0.21-a0-460-g737a915 (console) character file.

5510 zero the Cleaver (level 10, 68/68 HPs)
             Began as a Gargoyle Berserker on Nov 20, 2017.
             Was a High Priest of Trog.
             Quit the game on level 10 of the Dungeon.
             The game lasted 00:03:49 (9293 turns).

zero the Cleaver (Gargoyle Berserker)               Turns: 9293, Time: 00:03:50

Health: 68/68      AC: 23    Str: 24    XL:     10   Next: 70%
Magic:  10/10      EV:  7    Int:  8    God:    Trog [*****.]
Gold:   322        SH:  0    Dex:  9    Spells: 9/9 levels left

rFire    + . .     SeeInvis .   Y - +2 war axe
rCold    + . .     Gourm    .   (no shield)
rNeg     + . .     Faith    +   c - +0 plate armour
rPois    ∞         Spirit   .   i - +2 hat {MR+}
rElec    +         Reflect  .   f - scarf {rC+ rF+}
rCorr    .         Harm     .   j - +0 pair of gloves
MR       +....                  (no boots)
Stlth    ..........             o - amulet of faith
HPRegen  0.21/turn              (no ring)
MPRegen  0.12/turn              (no ring)

@: fainting
A: negative energy resistance 1, electricity resistance, unbreathing,
petrification resistance, rot immunity, AC +7
a: Berserk, Trog's Hand, Brothers in Arms, Burn Spellbooks, Renounce Religion


You were on level 10 of the Dungeon.
You worshipped Trog.
Trog was extremely pleased with you.
You were fainting.

You visited 2 branches of the dungeon, and saw 11 of its levels.

You collected 322 gold pieces.


Innate Abilities, Weirdness & Mutations

You are resistant to torment.
Your stone body is resilient. (AC +7)
You are immune to poison.
You resist negative energy. (rN+)
You are resistant to electric shocks. (rElec)
You can survive without breathing.
You are immune to petrification.
You are immune to rotting.


   Skills:
 - Level 10.4 Fighting
 + Level 10.6 Axes
 - Level 7.0 Armour
 - Level 1.5 Dodging


You had 9 spell levels left.
You didn't know any spells.

Inventory:

Hand Weapons
 g - a +0 flail
 Y - a +2 war axe (weapon)
Missiles
 l - 13 tomahawks (quivered)
Armour
 c - a +0 plate armour (worn)
 f - a scarf of resistance (worn)
 i - a +2 hat of magic resistance (worn)
 j - a +0 pair of gloves (worn)
 n - a scarf of repulsion
Jewellery
 o - an amulet of faith (around neck)
Wands
 d - a wand of lightning (9)
Scrolls
 a - 4 scrolls of identify
 m - a scroll of remove curse
Potions
 h - 5 potions of curing
 k - a potion of heal wounds
 p - 4 potions of haste

Dungeon Overview and Level Annotations

Branches:
Dungeon (10/15)            Temple (1/1) D:5
   Lair: D:8-11         Orc: D:9-12

Altars:
Ashenzari
Cheibriados
Dithmenos
Elyvilon
Fedhas
Gozag
Hepliaklqana
Kikubaaqudgha
Makhleb
Nemelex Xobeh
Okawaru
Qazlal
Ru
Sif Muna
Trog
Uskayaw
Vehumet
Wu Jian
Xom
Yredelemnul
Zin
The Shining One

Annotations:
D:7 Prince Ribbit


Message History

Where to? (* - list waypoints, Enter - D:11, ? - help) Sorry, I don't know how to get there.
9290 ||| Stepping randomly (starving).
You need to eat something NOW!
(D) Dungeon (T) Temple
Where to? (* - list waypoints, Enter - D:11, ? - help) Sorry, I don't know how to get there.
9291 ||| Stepping randomly (starving).
You need to eat something NOW!
(D) Dungeon (T) Temple
Where to? (* - list waypoints, Enter - D:11, ? - help) Sorry, I don't know how to get there.
9292 ||| Stepping randomly (starving).
You need to eat something NOW!
(D) Dungeon (T) Temple
Where to? (* - list waypoints, Enter - D:11, ? - help) Sorry, I don't know how to get there.
Quiver which item? (- for none, * to show all) (? for menu, Esc to quit)
Okay, then.
Are you sure you want to abandon this character and quit the game? (Confirm with "yes".)

....##+### ######+#
.........# #.......
.........# #.......
.........# #.......
........# #.......
#.....#########.......
+.....................
#...........^.........
#.....................
#.........)...........
#....@..............<.
.........#########.......
.......?.# #.......
....#+#### #....... ....
#....... ... #....... ..
#....... #.......
#....... #.......
#.......


There were no monsters in sight!

Vanquished Creatures
  Gastronok (D:8)
  Joseph (D:8)
  Sigmund (D:4)
  A wyvern (D:8)
  2 hungry ghosts
  2 water moccasins
  An orc warrior (D:9)
  An ice beast (D:8)
  A necrophage (D:6)
  3 phantoms
  6 ogres
  2 centaurs
  A bullfrog (D:7)
  8 killer bees
  A scorpion (D:4)
  4 crimson imps
  A bullfrog zombie (D:5)
  A quasit (D:6)
  4 hounds
  3 orc priests
  2 centaur skeletons
  3 jellies
  A bullfrog skeleton (D:4)
  Ijyb (D:3)
  2 iguanas (D:7)
  4 orc wizards
  2 worker ants
  A killer bee zombie (D:8)
  A hound zombie (D:5)
  A hound skeleton (D:4)
  A worker ant zombie (D:5)
  A howler monkey zombie (D:7)
  9 adders
  A shadow imp (D:7)
  An ooze (D:7)
  An adder zombie (D:8)
  3 worms (D:2)
  2 dart slugs
  4 leopard geckos
  27 orcs
  5 giant cockroaches
  5 goblins
  7 hobgoblins
  8 jackals
  5 quokkas
  2 ball pythons
  7 bats
  6 frilled lizards
  A jackal skeleton (D:4)
  7 kobolds
  5 rats
171 creatures vanquished.

Notes
Turn   | Place    | Note
-------+----------+-------------------------------------------
     0 | D:1      | zero the Gargoyle Berserker began the quest for the Orb.
     0 | D:1      | Reached XP level 1. HP: 14/14 MP: 1/1
     0 | D:1      | 0 ||| counter = 66
    86 | D:1      | Reached skill level 3 in Axes
   127 | D:1      | Reached XP level 2. HP: 19/19 MP: 2/2
   668 | D:1      | 668 ||| READING 4 scrolls labeled LOGUMIH ONUVI.
   669 | D:1      | 669 ||| READING scroll labeled LAT KOL RECWI.
   670 | D:1      | 670 ||| READING scroll labeled NOPLAARA PONA.
   671 | D:1      | 671 ||| READING scroll labeled CIAKESTR HENN.
   672 | D:1      | 672 ||| DRINKING 2 metallic amethyst potions.
   673 | D:1      | 673 ||| DRINKING 3 fuming yellow potions.
   674 | D:1      | 674 ||| READING 3 scrolls of identify.
   674 | D:1      | 674 ||| IDENTIFYING blackened beryl amulet
   675 | D:1      | 675 ||| UPGRADING to amulet of guardian spirit.
   676 | D:1      | 676 ||| READING 2 scrolls of identify.
   676 | D:1      | 676 ||| IDENTIFYING runed wooden ring
   677 | D:1      | 677 ||| DROPPING ring of poison resistance.
   678 | D:1      | 678 ||| READING scroll of identify.
   678 | D:1      | 678 ||| IDENTIFYING lumpy filigree amulet
   679 | D:1      | 679 ||| UPGRADING to amulet of faith.
   681 | D:1      | 681 ||| DROPPING amulet of guardian spirit.
   908 | D:2      | 908 ||| INVOKING Berserk.
   913 | D:2      | Reached XP level 3. HP: 23/23 MP: 3/3
  1105 | D:2      | 1105 ||| INVOKING Berserk.
  1261 | D:2      | Reached ** piety under Trog
  1533 | D:2      | Reached XP level 4. HP: 19/28 MP: 4/4
  1618 | D:2      | 1618 ||| STAIRDANCE
  1701 | D:1      | 1701 ||| UPGRADING to scale mail.
  1711 | D:1      | 1711 ||| DROPPING +0 animal skin.
  1712 | D:1      | 1712 ||| READING 2 scrolls labeled HASCHI ENKA.
  1717 | D:1      | 1717 ||| READING scroll labeled XUENGIH ZEFI.
  1718 | D:1      | 1718 ||| DRINKING 3 inky potions.
  1719 | D:1      | 1719 ||| READING 4 scrolls of identify.
  1719 | D:1      | 1719 ||| IDENTIFYING bubbling yellow potion
  1720 | D:1      | 1720 ||| READING 3 scrolls of identify.
  1720 | D:1      | 1720 ||| IDENTIFYING glowing inky potion
  1721 | D:1      | 1721 ||| READING 2 scrolls of identify.
  1721 | D:1      | 1721 ||| IDENTIFYING orange potion
  1722 | D:1      | 1722 ||| DROPPING 2 potions of degeneration.
  1723 | D:1      | 1723 ||| DROPPING potion of agility.
  1724 | D:1      | 1724 ||| DROPPING potion of lignification.
  1725 | D:1      | 1725 ||| DROPPING potion of magic.
  1920 | D:2      | 1920 ||| EATING 3 fruits.
  2190 | D:2      | 2190 ||| EATING 2 fruits.
  2218 | D:3      | 2218 ||| STAIRDANCE
  2245 | D:3      | 2245 ||| STAIRDANCE
  2360 | D:3      | Noticed Ijyb
  2368 | D:3      | 2368 ||| INVOKING Berserk.
  2378 | D:3      | Killed Ijyb
  2378 | D:3      | Reached XP level 5. HP: 32/32 MP: 5/5
  2630 | D:3      | Found a shadowy altar of Dithmenos.
  2668 | D:3      | Found a basalt altar of Yredelemnul.
  2759 | D:3      | 2759 ||| INVOKING Berserk.
  2764 | D:3      | Reached *** piety under Trog
  2880 | D:3      | 2880 ||| SWAPPING to war axe.
  2883 | D:3      | 2883 ||| DROPPING +0 hand axe.
  3002 | D:3      | 3002 ||| DROPPING club.
  3212 | D:3      | 3212 ||| UPGRADING to chain mail.
  3222 | D:3      | 3222 ||| UPGRADING to pair of gloves.
  3227 | D:3      | 3227 ||| DROPPING +0 scale mail.
  3228 | D:3      | 3228 ||| READING scroll labeled XAECVIRACESCH.
  3229 | D:3      | 3229 ||| READING 2 scrolls of identify.
  3229 | D:3      | 3229 ||| IDENTIFYING metallic dark potion
  3230 | D:3      | 3230 ||| DROPPING potion of brilliance.
  3251 | D:4      | Noticed a phantom
  3251 | D:4      | 3251 ||| STAIRDANCE
  3258 | D:3      | Reached XP level 6. HP: 33/38 MP: 6/6
  3297 | D:4      | 3297 ||| STAIRDANCE
  3335 | D:4      | Killed a phantom
  3335 | D:4      | Reached skill level 6 in Axes
  3410 | D:4      | 3410 ||| STAIRDANCE
  3477 | D:4      | 3477 ||| DROPPING mace.
  3547 | D:4      | Reached skill level 3 in Armour
  3576 | D:4      | 3576 ||| UPGRADING to flail.
  3577 | D:4      | 3577 ||| SWAPPING to +0 war axe.
  3590 | D:4      | Noticed Sigmund
  3593 | D:4      | 3593 ||| INVOKING Berserk.
  3601 | D:4      | Killed Sigmund
  3601 | D:4      | Reached XP level 7. HP: 43/43 MP: 7/7
  3667 | D:4      | Found a snail-covered altar of Cheibriados.
  3668 | D:4      | Found a hazy altar of Hepliaklqana.
  3700 | D:4      | 3700 ||| INVOKING Berserk.
  4033 | D:4      | 4033 ||| EATING fruit.
  4045 | D:4      | 4045 ||| UPGRADING to helmet.
  4050 | D:4      | 4050 ||| UPGRADING to embroidered scarf.
  4055 | D:4      | 4055 ||| READING scroll of remove curse.
  4056 | D:4      | 4056 ||| READING scroll labeled MUCEOR FIONIOTID.
  4071 | D:5      | Entered Level 5 of the Dungeon
  4122 | D:5      | 4122 ||| INVOKING Berserk.
  4125 | D:5      | Reached **** piety under Trog
  4135 | D:5      | 4135 ||| READING scroll of teleportation.
  4171 | D:5      | 4171 ||| EATING 3 bread rations.
  4193 | D:5      | 4193 ||| INVOKING Berserk.
  4403 | D:5      | 4403 ||| INVOKING Berserk.
  4407 | D:5      | Reached XP level 8. HP: 49/49 MP: 8/8
  4477 | D:5      | 4477 ||| INVOKING Berserk.
  4638 | D:5      | 4638 ||| INVOKING Burn Spellbooks.
  4866 | D:5      | 4866 ||| INVOKING Berserk.
  4930 | D:5      | Reached skill level 6 in Fighting
  4977 | D:5      | Found a staircase to the Ecumenical Temple.
  4983 | Temple   | Entered the Ecumenical Temple
  4984 | Temple   | 4984 ||| Entered T.
  5167 | Temple   | 5167 ||| READING scroll labeled IDIWIL VUADA.
  5364 | D:6      | 5364 ||| INVOKING Berserk.
  5372 | D:6      | 5372 ||| EATING 3 bread rations.
  5513 | D:6      | Found a deep blue altar of Sif Muna.
  5887 | D:6      | 5887 ||| INVOKING Berserk.
  6137 | D:6      | 6137 ||| UPGRADING to plate armour.
  6147 | D:6      | 6147 ||| DROPPING +0 chain mail.
  6148 | D:6      | 6148 ||| READING 2 scrolls labeled HIDGHA XISOMIXE.
  6149 | D:6      | 6149 ||| DROPPING scroll of amnesia.
  6187 | D:7      | 6187 ||| STAIRDANCE
  6305 | D:7      | Reached XP level 9. HP: 42/55 MP: 9/9
  6448 | D:7      | Reached skill level 9 in Axes
  6449 | D:7      | 6449 ||| INVOKING Berserk.
  6456 | D:7      | 6456 ||| EATING 2 royal jellies.
  6603 | D:7      | 6603 ||| EATING 2 bread rations.
  6611 | D:7      | 6611 ||| EATING bread ration.
  6618 | D:7      | Reached skill level 6 in Armour
  6619 | D:7      | 6619 ||| EATING royal jelly.
  6861 | D:7      | Noticed Prince Ribbit
  6864 | D:7      | 6864 ||| INVOKING Berserk.
  7124 | D:7      | 7124 ||| INVOKING Berserk.
  7389 | D:7      | 7389 ||| READING 6 scrolls of identify.
  7389 | D:7      | 7389 ||| IDENTIFYING encrusted opal ring
  7390 | D:7      | 7390 ||| DROPPING cursed -3 ring of strength.
  7391 | D:7      | 7391 ||| READING 5 scrolls of identify.
  7391 | D:7      | 7391 ||| IDENTIFYING lumpy cyan potion
  7392 | D:7      | 7392 ||| DROPPING potion of ambrosia.
  7469 | D:8      | 7469 ||| INVOKING Berserk.
  7697 | D:8      | Reached ***** piety under Trog
  7739 | D:8      | 7739 ||| INVOKING Berserk.
  7886 | D:8      | 7886 ||| EATING bread ration.
  8047 | D:8      | Noticed Joseph
  8066 | D:8      | Killed Joseph
  8251 | D:8      | Found an iron altar of Okawaru.
  8251 | D:8      | Found a stormy altar of Qazlal.
  8259 | D:8      | Found an ancient bone altar of Kikubaaqudgha.
  8267 | D:8      | Found an opulent altar of Gozag.
  8269 | D:8      | Found a faded altar of an unknown god.
  8327 | D:8      | Noticed Gastronok
  8338 | D:8      | 8338 ||| INVOKING Berserk.
  8349 | D:8      | Killed Gastronok
  8349 | D:8      | Reached XP level 10. HP: 66/68 MP: 10/10
  8354 | D:8      | 8354 ||| INVOKING Brothers in Arms.
  8677 | D:8      | 8677 ||| EATING 2 bread rations.
  8864 | D:8      | 8864 ||| UPGRADING to glowing scarf.
  8874 | D:8      | 8874 ||| UPGRADING to glowing hat.
  8884 | D:8      | 8884 ||| DROPPING +0 helmet.
  8885 | D:8      | 8885 ||| READING 5 scrolls of identify.
  8885 | D:8      | 8885 ||| IDENTIFYING grey potion
  9027 | D:9      | 9027 ||| READING scroll of enchant weapon.
  9027 | D:9      | 9027 ||| ENCHANTING +1 war axe.
  9051 | D:9      | 9051 ||| EATING bread ration.
  9062 | D:9      | 9062 ||| EATING royal jelly.
  9072 | D:9      | 9072 ||| INVOKING Berserk.
  9099 | D:10     | Entered Level 10 of the Dungeon
  9100 | D:10     | 9100 ||| STAIRDANCE
  9104 | D:10     | 9104 ||| STAIRDANCE
  9108 | D:10     | 9108 ||| STAIRDANCE
  9112 | D:10     | 9112 ||| READING scroll of teleportation.
  9113 | D:10     | 9113 ||| STAIRDANCE
  9116 | D:9      | 9116 ||| Stepping randomly (starving).
  9117 | D:9      | 9117 ||| Stepping randomly (starving).
  9118 | D:9      | 9118 ||| Stepping randomly (starving).
  9119 | D:9      | 9119 ||| Stepping randomly (starving).
  9120 | D:9      | 9120 ||| Stepping randomly (starving).
  9121 | D:9      | 9121 ||| Stepping randomly (starving).
  9122 | D:9      | 9122 ||| Stepping randomly (starving).
  9123 | D:9      | 9123 ||| Stepping randomly (starving).
  9124 | D:9      | 9124 ||| Stepping randomly (starving).
  9125 | D:9      | 9125 ||| Stepping randomly (starving).
  9126 | D:9      | 9126 ||| Stepping randomly (starving).
  9127 | D:9      | 9127 ||| Stepping randomly (starving).
  9128 | D:9      | 9128 ||| Stepping randomly (starving).
  9129 | D:9      | 9129 ||| Stepping randomly (starving).
  9130 | D:9      | 9130 ||| Stepping randomly (starving).
  9131 | D:9      | 9131 ||| Stepping randomly (starving).
  9132 | D:9      | 9132 ||| Stepping randomly (starving).
  9133 | D:9      | 9133 ||| Stepping randomly (starving).
  9134 | D:9      | 9134 ||| Stepping randomly (starving).
  9135 | D:9      | 9135 ||| Stepping randomly (starving).
  9136 | D:9      | 9136 ||| Stepping randomly (starving).
  9137 | D:9      | 9137 ||| Stepping randomly (starving).
  9138 | D:9      | 9138 ||| Stepping randomly (starving).
  9139 | D:9      | 9139 ||| Stepping randomly (starving).
  9140 | D:9      | 9140 ||| Stepping randomly (starving).
  9141 | D:9      | 9141 ||| Stepping randomly (starving).
  9142 | D:9      | 9142 ||| Stepping randomly (starving).
  9143 | D:9      | 9143 ||| Stepping randomly (starving).
  9144 | D:9      | 9144 ||| Stepping randomly (starving).
  9145 | D:9      | 9145 ||| Stepping randomly (starving).
  9146 | D:9      | 9146 ||| Stepping randomly (starving).
  9147 | D:9      | 9147 ||| Stepping randomly (starving).
  9148 | D:9      | 9148 ||| Stepping randomly (starving).
  9149 | D:9      | 9149 ||| Stepping randomly (starving).
  9150 | D:9      | 9150 ||| Stepping randomly (starving).
  9151 | D:9      | 9151 ||| Stepping randomly (starving).
  9152 | D:9      | 9152 ||| Stepping randomly (starving).
  9153 | D:9      | 9153 ||| Stepping randomly (starving).
  9154 | D:9      | 9154 ||| Stepping randomly (starving).
  9182 | D:10     | 9182 ||| Stepping randomly (starving).
  9183 | D:10     | 9183 ||| Stepping randomly (starving).
  9184 | D:10     | 9184 ||| Stepping randomly (starving).
  9185 | D:10     | 9185 ||| Stepping randomly (starving).
  9186 | D:10     | 9186 ||| Stepping randomly (starving).
  9187 | D:10     | 9187 ||| Stepping randomly (starving).
  9188 | D:10     | 9188 ||| Stepping randomly (starving).
  9189 | D:10     | 9189 ||| Stepping randomly (starving).
  9190 | D:10     | 9190 ||| Stepping randomly (starving).
  9191 | D:10     | 9191 ||| Stepping randomly (starving).
  9192 | D:10     | 9192 ||| Stepping randomly (starving).
  9193 | D:10     | 9193 ||| Stepping randomly (starving).
  9194 | D:10     | 9194 ||| Stepping randomly (starving).
  9195 | D:10     | 9195 ||| Stepping randomly (starving).
  9196 | D:10     | 9196 ||| Stepping randomly (starving).
  9197 | D:10     | 9197 ||| Stepping randomly (starving).
  9198 | D:10     | 9198 ||| Stepping randomly (starving).
  9199 | D:10     | 9199 ||| Stepping randomly (starving).
  9200 | D:10     | 9200 ||| Stepping randomly (starving).
  9201 | D:10     | 9201 ||| Stepping randomly (starving).
  9202 | D:10     | 9202 ||| Stepping randomly (starving).
  9203 | D:10     | 9203 ||| Stepping randomly (starving).
  9204 | D:10     | 9204 ||| Stepping randomly (starving).
  9205 | D:10     | 9205 ||| Stepping randomly (starving).
  9206 | D:10     | 9206 ||| Stepping randomly (starving).
  9207 | D:10     | 9207 ||| Stepping randomly (starving).
  9208 | D:10     | 9208 ||| Stepping randomly (starving).
  9209 | D:10     | 9209 ||| Stepping randomly (starving).
  9210 | D:10     | 9210 ||| Stepping randomly (starving).
  9211 | D:10     | 9211 ||| Stepping randomly (starving).
  9212 | D:10     | 9212 ||| Stepping randomly (starving).
  9213 | D:10     | 9213 ||| Stepping randomly (starving).
  9214 | D:10     | 9214 ||| Stepping randomly (starving).
  9215 | D:10     | 9215 ||| Stepping randomly (starving).
  9216 | D:10     | 9216 ||| Stepping randomly (starving).
  9217 | D:10     | 9217 ||| Stepping randomly (starving).
  9218 | D:10     | 9218 ||| Stepping randomly (starving).
  9219 | D:10     | 9219 ||| Stepping randomly (starving).
  9220 | D:10     | 9220 ||| Stepping randomly (starving).
  9221 | D:10     | 9221 ||| Stepping randomly (starving).
  9222 | D:10     | 9222 ||| Stepping randomly (starving).
  9223 | D:10     | 9223 ||| Stepping randomly (starving).
  9224 | D:10     | 9224 ||| Stepping randomly (starving).
  9225 | D:10     | 9225 ||| Stepping randomly (starving).
  9226 | D:10     | 9226 ||| Stepping randomly (starving).
  9227 | D:10     | 9227 ||| Stepping randomly (starving).
  9228 | D:10     | 9228 ||| INVOKING Burn Spellbooks.
  9228 | D:10     | 9228 ||| Stepping randomly (starving).
  9229 | D:10     | 9229 ||| INVOKING Burn Spellbooks.
  9229 | D:10     | 9229 ||| Stepping randomly (starving).
  9230 | D:10     | 9230 ||| INVOKING Burn Spellbooks.
  9230 | D:10     | 9230 ||| Stepping randomly (starving).
  9231 | D:10     | 9231 ||| INVOKING Burn Spellbooks.
  9231 | D:10     | 9231 ||| Stepping randomly (starving).
  9232 | D:10     | 9232 ||| Stepping randomly (starving).
  9233 | D:10     | 9233 ||| Stepping randomly (starving).
  9234 | D:10     | 9234 ||| Stepping randomly (starving).
  9235 | D:10     | 9235 ||| Stepping randomly (starving).
  9236 | D:10     | 9236 ||| Stepping randomly (starving).
  9237 | D:10     | 9237 ||| Stepping randomly (starving).
  9238 | D:10     | 9238 ||| Stepping randomly (starving).
  9239 | D:10     | 9239 ||| Stepping randomly (starving).
  9240 | D:10     | 9240 ||| Stepping randomly (starving).
  9241 | D:10     | 9241 ||| Stepping randomly (starving).
  9242 | D:10     | 9242 ||| Stepping randomly (starving).
  9243 | D:10     | 9243 ||| Stepping randomly (starving).
  9244 | D:10     | 9244 ||| Stepping randomly (starving).
  9245 | D:10     | 9245 ||| Stepping randomly (starving).
  9246 | D:10     | 9246 ||| Stepping randomly (starving).
  9247 | D:10     | 9247 ||| Stepping randomly (starving).
  9248 | D:10     | 9248 ||| Stepping randomly (starving).
  9249 | D:10     | 9249 ||| Stepping randomly (starving).
  9250 | D:10     | 9250 ||| Stepping randomly (starving).
  9250 | D:10     | Paralysed by fainting for 8 turns
  9258 | D:10     | 9258 ||| Stepping randomly (starving).
  9259 | D:10     | 9259 ||| Stepping randomly (starving).
  9260 | D:10     | 9260 ||| Stepping randomly (starving).
  9261 | D:10     | 9261 ||| Stepping randomly (starving).
  9262 | D:10     | 9262 ||| Stepping randomly (starving).
  9263 | D:10     | 9263 ||| Stepping randomly (starving).
  9264 | D:10     | 9264 ||| Stepping randomly (starving).
  9265 | D:10     | 9265 ||| Stepping randomly (starving).
  9266 | D:10     | 9266 ||| Stepping randomly (starving).
  9267 | D:10     | 9267 ||| Stepping randomly (starving).
  9268 | D:10     | 9268 ||| Stepping randomly (starving).
  9269 | D:10     | 9269 ||| Stepping randomly (starving).
  9270 | D:10     | 9270 ||| Stepping randomly (starving).
  9271 | D:10     | 9271 ||| Stepping randomly (starving).
  9272 | D:10     | 9272 ||| Stepping randomly (starving).
  9273 | D:10     | 9273 ||| Stepping randomly (starving).
  9274 | D:10     | 9274 ||| Stepping randomly (starving).
  9275 | D:10     | 9275 ||| Stepping randomly (starving).
  9276 | D:10     | 9276 ||| Stepping randomly (starving).
  9277 | D:10     | 9277 ||| Stepping randomly (starving).
  9278 | D:10     | 9278 ||| Stepping randomly (starving).
  9279 | D:10     | 9279 ||| Stepping randomly (starving).
  9280 | D:10     | 9280 ||| Stepping randomly (starving).
  9281 | D:10     | 9281 ||| Stepping randomly (starving).
  9282 | D:10     | 9282 ||| Stepping randomly (starving).
  9283 | D:10     | 9283 ||| Stepping randomly (starving).
  9284 | D:10     | 9284 ||| Stepping randomly (starving).
  9285 | D:10     | 9285 ||| Stepping randomly (starving).
  9286 | D:10     | 9286 ||| Stepping randomly (starving).
  9287 | D:10     | 9287 ||| Stepping randomly (starving).
  9288 | D:10     | 9288 ||| Stepping randomly (starving).
  9289 | D:10     | 9289 ||| Stepping randomly (starving).
  9290 | D:10     | 9290 ||| Stepping randomly (starving).
  9291 | D:10     | 9291 ||| Stepping randomly (starving).
  9292 | D:10     | 9292 ||| Stepping randomly (starving).
  9293 | D:10     | Quit the game

Vault maps used:
D:1:      dpeg_arrival_prison
D:3:      marbit_many_paths, nicolae_dithmenos_through_a_glass_darkly, uniq_ijyb
D:4:      gammafunk_temple_overflow_pools, first_bread, uniq_sigmund
D:5:      minmay_temple_entry_enclosed_plants, uniq_menkaure
D:6:      basic_altar
D:7:      uniq_prince_ribbit1
D:8:      chequers_temple_overflow_minitemple, uniq_joseph, uniq_gastronok
D:10:     grunt_livestock
Temple:   regret_index_temple_generic_petals

Skill      XL: |  1  2  3  4  5  6  7  8  9 10 |
---------------+-------------------------------+-----
Axes           | 3 4 5 6 7 8 10 | 10.6
Fighting       | 4 5 6 10 | 10.4
Armour         | 3 5 6 7 |  7.0
Dodging        | |  1.5

Action                   |  1- 3 |  4- 6 |  7- 9 | 10-12 || total
-------------------------+-------+-------+-------+-------++-------
Melee: Hand axe          |   121 |   139 |       |       ||   260
       War axe           |       |    97 |   316 |    77 ||   490
Throw: Tomahawk          |       |    14 |    57 |     9 ||    80
Invok: Berserk           |     2 |     3 |    14 |     1 ||    20
       Burn Spellbooks   |       |       |     1 |       ||     1
       Brothers in Arms  |       |       |       |     1 ||     1
  Use: Scroll            |     7 |     7 |     7 |     3 ||    24
       Potion            |     2 |     1 |       |       ||     3
  Eat: Chunk             |     4 |     7 |    13 |       ||    24
       Fruit             |       |     2 |     1 |       ||     3
       Bread ration      |       |       |     5 |     2 ||     7
       Royal jelly       |       |       |     2 |     1 ||     3
Armor: Animal skin       |    44 |     4 |       |       ||    48
       Scale mail        |       |    82 |       |       ||    82
       Chain mail        |       |    42 |    82 |       ||   124
       Plate armour      |       |       |   124 |    73 ||   197
Dodge: Dodged            |    71 |   115 |   108 |    30 ||   324
       Deflected         |       |       |     6 |       ||     6

Table legend:
 A = Spawn XP
 B = Non-spawn XP
 C = Spawn XP percentage of total XP
 D = Spawn monster count
 E = Non-spawn monster count
 F = Spawn count percentage of total count
 G = Total turns spent on level
                    A         B        C        D         E        F      G
               +---------+---------+-------+---------+---------+-------+---------
         Total |       0 |    7872 |   0.0 |       0 |     171 |   0.0 |  9293
               +---------+---------+-------+---------+---------+-------+---------
           D:1 |       0 |      29 |   0.0 |       0 |      16 |   0.0 |   834
           D:2 |       0 |      77 |   0.0 |       0 |      25 |   0.0 |  1426
           D:3 |       0 |     236 |   0.0 |       0 |      40 |   0.0 |  1076
           D:4 |       0 |     522 |   0.0 |       0 |      12 |   0.0 |   735
           D:5 |       0 |     889 |   0.0 |       0 |      23 |   0.0 |   962
           D:6 |       0 |     560 |   0.0 |       0 |       9 |   0.0 |   970
           D:7 |       0 |     859 |   0.0 |       0 |      14 |   0.0 |  1172
           D:8 |       0 |    4056 |   0.0 |       0 |      22 |   0.0 |  1502
           D:9 |       0 |     644 |   0.0 |       0 |      10 |   0.0 |   274
               +---------+---------+-------+---------+---------+-------+---------
